 Dungeon Crawl Stone Soup version 0.29.1-12-g30fa7ad0bf (webtiles) character file.

Game seed: 13091921498406545495

6757 xzight the Blocker (level 11, -2/89 HPs)
             Began as a Gnoll Fighter on Dec 29, 2022.
             Was a Believer of Cheibriados.
             Slain by a two-headed ogre
             ... wielding a +0 giant club
              (8 damage)
             ... on level 9 of the Dungeon.
             The game lasted 00:14:17 (9335 turns).

xzight the Blocker (Gnoll Fighter)                  Turns: 9335, Time: 00:14:18

Health: -2/89      AC: 17    Str: 20    XL:     11   Next: 4%
Magic:  20/20      EV: 10    Int: 17    God:    Cheibriados [**....]
Gold:   436        SH:  7    Dex: 17    Spells: 22/22 levels left

rFire   . . .      SeeInvis .   a - +4 trident (venom)
rCold   . . .      Faith    .   c - +0 buckler
rNeg    . . .      Spirit   .   B - +0 chain mail
rPois   .          Reflect  .   A - +2 helmet
rElec   .          Harm     .   (no cloak)
rCorr   .          Rampage  .   u - +0 pair of gloves
Will    +....                   n - +0 pair of boots
Stlth   ..........              (no amulet)
HPRegen 0.24/turn               Y - +4 ring of slaying
MPRegen 0.17/turn               W - ring of willpower

@: mighty, lethally poisoned (-2 -> -4), weakened, very slow
A: fangs 1, strong nose, distributed training
a: Renounce Religion, Bend Time


You were on level 9 of the Dungeon.
You worshipped Cheibriados.
Cheibriados was pleased with you.
You visited 2 branches of the dungeon, and saw 10 of its levels.

You collected 592 gold pieces.
You spent 156 gold pieces at shops.


Innate Abilities, Weirdness & Mutations

You have very sharp teeth.
Your uncanny sense of smell can sniff out nearby items.
Your experience applies equally to all skills.


   Skills:
 + Level 9.0 Fighting
 + Level 6.1 Short Blades
 + Level 6.1 Long Blades
 + Level 6.1 Axes
 + Level 6.1 Maces & Flails
 + Level 7.7 Polearms
 + Level 6.1 Staves
 + Level 6.1 Ranged Weapons
 + Level 6.1 Throwing
 + Level 9.0 Armour
 + Level 6.1 Dodging
 + Level 6.1 Stealth
 + Level 9.0 Shields
 + Level 6.1 Unarmed Combat
 + Level 6.1 Spellcasting
 + Level 5.0 Conjurations
 + Level 5.0 Hexes
 + Level 5.0 Summonings
 + Level 5.0 Necromancy
 + Level 5.0 Translocations
 + Level 5.0 Transmutations
 + Level 5.0 Fire Magic
 + Level 5.0 Ice Magic
 + Level 5.0 Air Magic
 + Level 5.0 Earth Magic
 + Level 5.0 Poison Magic
 + Level 6.7 Invocations
 + Level 6.1 Evocations


You had 22 spell levels left.
You didn't know any spells.
Your spell library contained the following spells:

 Spells                   Type           Power      Damage    Failure   Level
 Blink                    Tloc           44%        N/A       22%         2
 Conjure Flame            Conj/Fire      22%        6-21      41%         3
 Ignite Poison            Fire/Tmut/Pois 22%        N/A       41%         3
 Lesser Beckoning         Tloc           22%        N/A       41%         3
 Portal Projectile        Hex/Tloc       44%        N/A       41%         3
 Tukima's Dance           Hex            22%        N/A       41%         3
 Sticky Flame             Conj/Fire      22%        2d4       82%         4
 Blade Hands              Tmut           11%        N/A       99%         5
 Manifold Assault         Tloc           22%        N/A       99%         5

Inventory:

Hand Weapons
 a - a +4 trident of venom (weapon)
Missiles
 x - 11 boomerangs
 z - 20 poisoned darts (quivered)
 H - 5 throwing nets {=f}
Armour
 c - a +0 buckler (worn)
 n - a +0 pair of boots (worn)
 u - a +0 pair of gloves (worn)
 A - a +2 helmet (worn)
 B - a +0 chain mail (worn)
Jewellery
 k - an amulet of magic regeneration
 w - a ring of willpower
 C - a ring of protection from cold
 N - a ring of positive energy
 R - a ring of resist corrosion
 W - a ring of willpower (right hand)
 Y - a +4 ring of slaying (left hand)
Wands
 I - a wand of flame (42)
Scrolls
 b - 3 scrolls of teleportation {@r2}
 f - a scroll of vulnerability
 h - a scroll of summoning {unknown}
 i - 2 scrolls of amnesia
 j - 7 scrolls of magic mapping
 m - 5 scrolls of immolation
 o - a scroll of torment {unknown}
 q - 2 scrolls of silence {unknown}
 y - 2 scrolls of noise
 D - a scroll of poison {unknown}
 E - 2 scrolls of blinking {unknown}
 F - a scroll of brand weapon {unknown}
 K - 2 scrolls of enchant armour {unknown}
 L - a scroll of fog {unknown}
Potions
 d - a potion of might
 g - 4 potions of curing {@q1}
 l - 4 potions of attraction
 p - a potion of magic {unknown}
 r - 3 potions of haste {@q3}
 s - a potion of ambrosia {unknown}
 t - a potion of heal wounds {@q2}
 v - a potion of lignification {unknown}
 G - a potion of cancellation
 J - a potion of experience {unknown}

Dungeon Overview and Level Annotations

Branches:
Dungeon (9/15)             Temple (1/1) D:6
   Lair: D:8-11         Orc: D:9-12

Altars:
Ashenzari
Cheibriados
Dithmenos
Elyvilon
Fedhas
Gozag
Kikubaaqudgha
Makhleb
Nemelex Xobeh
Okawaru
Ru
Sif Muna
Trog
Uskayaw
Xom
Yredelemnul
Zin
The Shining One

Shops:
D:4 !

Annotations:
D:5 2 runed translucent doors, 0gre's ghost, novice GnIE ∆ ..# ..# ∆ ..# #gg

#g# #g#
#######g#
......O@#
#########


You could see a two-headed ogre (very poisoned), a gnoll bouda (very poisoned)
and 4 gnolls.


Message History

Aim: a two-headed ogre, wielding two +0 giant clubs (about 18% to evade your +4 trident of venom)
You reach to attack!
You puncture the two-headed ogre!
The two-headed ogre is poisoned.
The two-headed ogre is moderately wounded.
You feel sick.
Reach: a) +4 trident (venom)
Press: ? - help, Dir - move target, f/p - two-headed ogre
Aim: a two-headed ogre, wielding two +0 giant clubs (moderately wounded, very poisoned, about 18% to evade your +4 trident of venom)
You reach to attack!
You barely miss the two-headed ogre.
The two-headed ogre is moderately wounded.
You feel sick. The gnoll bouda barely misses you.
Reach: a) +4 trident (venom)
Press: ? - help, Dir - move target, f/p - two-headed ogre
Aim: a two-headed ogre, wielding two +0 giant clubs (moderately wounded, very poisoned, about 18% to evade your +4 trident of venom)
You puncture the two-headed ogre!
The two-headed ogre is heavily wounded.
The two-headed ogre hits you with a +0 giant club!!
* * * LOW HITPOINT WARNING * * *
You block the two-headed ogre's attack.
The gnoll bouda prays to its god.
The gnoll bouda is healed somewhat.
Okay, then.
You puncture the two-headed ogre!
The two-headed ogre is severely wounded.
You feel sick.
The gnoll bouda gazes fiercely through you!
You feel your attacks grow feeble. The gnoll bouda misses you.
The two-headed ogre hits you with a +0 giant club!
You die...

Skill      XL: |  1  2  3  4  5  6  7  8  9 10 |
---------------+-------------------------------+-----
Invocations    | 1 2 3 4 5 6 |  6.7
Short Blades   | 1 2 3 4 5 6 |  6.1
Long Blades    | 1 2 3 4 5 6 |  6.1
Axes           | 1 2 3 4 5 6 |  6.1
Maces & Flails | 1 2 3 4 5 6 |  6.1
Staves         | 1 2 3 4 5 6 |  6.1
Ranged Weapons | 1 2 3 4 5 6 |  6.1
Throwing       | 1 2 3 4 5 6 |  6.1
Dodging        | 1 2 3 4 5 6 |  6.1
Stealth        | 1 2 3 4 5 6 |  6.1
Unarmed Combat | 1 2 3 4 5 6 |  6.1
Spellcasting   | 1 2 3 4 5 6 |  6.1
Evocations     | 1 2 3 4 5 6 |  6.1
Conjurations   | 1 2 3 4 5 |  5.0
Hexes          | 1 2 3 4 5 |  5.0
Summonings     | 1 2 3 4 5 |  5.0
Necromancy     | 1 2 3 4 5 |  5.0
Translocations | 1 2 3 4 5 |  5.0
Transmutations | 1 2 3 4 5 |  5.0
Fire Magic     | 1 2 3 4 5 |  5.0
Ice Magic      | 1 2 3 4 5 |  5.0
Air Magic      | 1 2 3 4 5 |  5.0
Earth Magic    | 1 2 3 4 5 |  5.0
Poison Magic   | 1 2 3 4 5 |  5.0
Polearms       | 5 6 7 |  7.7
Fighting       | 7 8 9 |  9.0
Armour         | 7 8 9 |  9.0
Shields        | 7 8 9 |  9.0

Action                   |  1- 3 |  4- 6 |  7- 9 | 10-12 || total
-------------------------+-------+-------+-------+-------++-------
Melee: Trident           |    79 |    91 |   314 |   240 ||   724
       Bite              |     2 |     9 |    14 |    38 ||    63
Throw: Dart              |       |     8 |       |       ||     8
Evoke: Wand              |       |       |     1 |       ||     1
  Use: Scroll            |       |     4 |     1 |     4 ||     9
       Potion            |       |       |     2 |     3 ||     5
Armor: Scale mail        |    27 |    14 |       |       ||    41
       Chain mail        |       |    13 |   163 |   114 ||   290
Dodge: Dodged            |    35 |    18 |   110 |    87 ||   250
Block: Buckler           |    24 |    23 |    89 |    70 ||   206

Levels and vault maps discovered:
D:1:      dpeg_arrival_ternary, layout_loops_corners
D:2:      layout_loops_ring, minmay_nonomino_d4
D:3:      layout_loops_ring, chequers_temple_overflow_statue_of_worship,
          mainiacjoe_overflow_tiny_flanked,
          grunt_temple_overflow_champion_of_chaos,
          shapermc_ecumenical_altar_ellora
D:4:      layout_cave_pools, okawaru_metal_pillars_1_2,
          mainiacjoe_overflow_surrounded_room, serial_shops,
          nicolae_inconvenience_store
D:5:      layout_cave_pools, grunt_dithmenos_shadows, ebering_ghost_sewer_f,
          serial_gnoll_camp, gnoll_camp_mini_hut, gnoll_camp_mini_hut,
          grums_kennel, gnoll_camp_mini_hut, gnoll_camp_huts_moat,
          gnoll_camp_mini_doghouse, uniq_ijyb, uniq_pikel
D:6:      layout_basic, temple_green, kennysheep_cross_bottleneck, minivault_5,
          serial_park_tiny_2, uniq_blork_the_orc
D:7:      layout_loops_ring, grunt_ministairs_14, grunt_decor_cap
D:8:      layout_basic, tso_metal_star, nicolae_sif_muna_little_library,
          kennysheep_small_square
D:9:      wad_woods_stonehenge, layout_basic, mainiacjoe_overflow_alcove_2,
          mainiacjoe_overflow_cross_hatched,
          mainiacjoe_overflow_six_doors_small, mainiacjoe_overflow_chevrons
Temple:   hellmonk_temple_of_storms

Notes
Turn   | Place    | Note
-------+----------+-------------------------------------------
     0 | D:1      | xzight the Gnoll Fighter began the quest for the Orb.
     0 | D:1      | Reached XP level 1. HP: 23/23 MP: 1/1
   698 | D:1      | Reached XP level 2. HP: 29/29 MP: 2/2
   805 | D:2      | Reached XP level 3. HP: 35/35 MP: 3/3
   873 | D:2      | Reached skill level 1 in Invocations
  1418 | D:3      | Reached skill level 1 in Short Blades
  1418 | D:3      | Reached skill level 1 in Long Blades
  1418 | D:3      | Reached skill level 1 in Axes
  1418 | D:3      | Reached skill level 1 in Maces & Flails
  1418 | D:3      | Reached skill level 1 in Staves
  1418 | D:3      | Reached skill level 1 in Ranged Weapons
  1418 | D:3      | Reached skill level 1 in Throwing
  1418 | D:3      | Reached skill level 1 in Dodging
  1418 | D:3      | Reached skill level 1 in Stealth
  1418 | D:3      | Reached skill level 1 in Unarmed Combat
  1418 | D:3      | Reached skill level 1 in Spellcasting
  1418 | D:3      | Reached skill level 1 in Evocations
  1534 | D:3      | Found a shimmering altar of Xom.
  1534 | D:3      | Found a burning altar of Makhleb.
  1542 | D:3      | Reached skill level 1 in Conjurations
  1542 | D:3      | Reached skill level 1 in Hexes
  1542 | D:3      | Reached skill level 1 in Summonings
  1542 | D:3      | Reached skill level 1 in Necromancy
  1542 | D:3      | Reached skill level 1 in Translocations
  1542 | D:3      | Reached skill level 1 in Transmutations
  1542 | D:3      | Reached skill level 1 in Fire Magic
  1542 | D:3      | Reached skill level 1 in Ice Magic
  1542 | D:3      | Reached skill level 1 in Air Magic
  1542 | D:3      | Reached skill level 1 in Earth Magic
  1542 | D:3      | Reached skill level 1 in Poison Magic
  1542 | D:3      | Reached XP level 4. HP: 41/41 MP: 5/5
  1650 | D:3      | Noticed a scorpion
  1660 | D:3      | Killed a scorpion
  1661 | D:3      | Reached XP level 5. HP: 46/47 MP: 5/7
  1984 | D:3      | Found a white marble altar of Elyvilon.
  2041 | D:3      | Reached skill level 2 in Invocations
  2054 | D:3      | Found a faded altar of an unknown god.
  2239 | D:3      | Found a basalt altar of Yredelemnul.
  2241 | D:3      | Found a sparkling altar of Nemelex Xobeh.
  2241 | D:3      | Found a sacrificial altar of Ru.
  2250 | D:3      | Reached XP level 6. HP: 53/53 MP: 8/8
  2704 | D:4      | Reached skill level 2 in Short Blades
  2704 | D:4      | Reached skill level 2 in Long Blades
  2704 | D:4      | Reached skill level 2 in Axes
  2704 | D:4      | Reached skill level 2 in Maces & Flails
  2704 | D:4      | Reached skill level 5 in Polearms
  2704 | D:4      | Reached skill level 2 in Staves
  2704 | D:4      | Reached skill level 2 in Ranged Weapons
  2704 | D:4      | Reached skill level 2 in Throwing
  2704 | D:4      | Reached skill level 2 in Dodging
  2704 | D:4      | Reached skill level 2 in Stealth
  2704 | D:4      | Reached skill level 2 in Unarmed Combat
  2704 | D:4      | Reached skill level 2 in Spellcasting
  2704 | D:4      | Reached skill level 2 in Evocations
  2815 | D:4      | Reached skill level 7 in Fighting
  2815 | D:4      | Reached skill level 7 in Armour
  2815 | D:4      | Reached skill level 7 in Shields
  2815 | D:4      | Reached XP level 7. HP: 45/60 MP: 10/10
  2824 | D:4      | Reached skill level 2 in Conjurations
  2824 | D:4      | Reached skill level 2 in Hexes
  2824 | D:4      | Reached skill level 2 in Summonings
  2824 | D:4      | Reached skill level 2 in Necromancy
  2824 | D:4      | Reached skill level 2 in Translocations
  2824 | D:4      | Reached skill level 2 in Transmutations
  2824 | D:4      | Reached skill level 2 in Fire Magic
  2824 | D:4      | Reached skill level 2 in Ice Magic
  2824 | D:4      | Reached skill level 2 in Air Magic
  2824 | D:4      | Reached skill level 2 in Earth Magic
  2824 | D:4      | Reached skill level 2 in Poison Magic
  2833 | D:4      | HP: 4/58 [wight/+4 trident (2)]
  3172 | D:4      | Found an iron altar of Okawaru.
  3198 | D:4      | Found a blossoming altar of Fedhas.
  3342 | D:4      | Found Gyef's Distillery.
  3576 | D:4      | Bought a potion of curing for 39 gold pieces
  3576 | D:4      | Bought a potion of heal wounds for 65 gold pieces
  3576 | D:4      | Bought a potion of might for 52 gold pieces
  3650 | D:5      | Entered Level 5 of the Dungeon
  3655 | D:5      | Reached skill level 3 in Invocations
  3826 | D:5      | Reached skill level 3 in Short Blades
  3826 | D:5      | Reached skill level 3 in Long Blades
  3826 | D:5      | Reached skill level 3 in Axes
  3826 | D:5      | Reached skill level 3 in Maces & Flails
  3826 | D:5      | Reached skill level 3 in Staves
  3826 | D:5      | Reached skill level 3 in Ranged Weapons
  3826 | D:5      | Reached skill level 3 in Throwing
  3826 | D:5      | Reached skill level 3 in Dodging
  3826 | D:5      | Reached skill level 3 in Stealth
  3826 | D:5      | Reached skill level 3 in Unarmed Combat
  3826 | D:5      | Reached skill level 3 in Spellcasting
  3826 | D:5      | Reached skill level 3 in Evocations
  3826 | D:5      | Reached XP level 8. HP: 55/67 MP: 12/12
  4004 | D:5      | Noticed Grum
  4007 | D:5      | Killed Grum
  4181 | D:5      | Noticed Pikel
  4205 | D:5      | Reached skill level 4 in Invocations
  4295 | D:5      | Reached skill level 3 in Conjurations
  4295 | D:5      | Reached skill level 3 in Hexes
  4295 | D:5      | Reached skill level 3 in Summonings
  4295 | D:5      | Reached skill level 3 in Necromancy
  4295 | D:5      | Reached skill level 3 in Translocations
  4295 | D:5      | Reached skill level 3 in Transmutations
  4295 | D:5      | Reached skill level 3 in Fire Magic
  4295 | D:5      | Reached skill level 3 in Ice Magic
  4295 | D:5      | Reached skill level 3 in Air Magic
  4295 | D:5      | Reached skill level 3 in Earth Magic
  4295 | D:5      | Reached skill level 3 in Poison Magic
  4300 | D:5      | Reached skill level 6 in Polearms
  4322 | D:5      | Killed Pikel
  4323 | D:5      | Reached skill level 4 in Short Blades
  4323 | D:5      | Reached skill level 4 in Long Blades
  4323 | D:5      | Reached skill level 4 in Axes
  4323 | D:5      | Reached skill level 4 in Maces & Flails
  4323 | D:5      | Reached skill level 4 in Staves
  4323 | D:5      | Reached skill level 4 in Ranged Weapons
  4323 | D:5      | Reached skill level 4 in Throwing
  4323 | D:5      | Reached skill level 4 in Dodging
  4323 | D:5      | Reached skill level 4 in Stealth
  4323 | D:5      | Reached skill level 4 in Unarmed Combat
  4323 | D:5      | Reached skill level 4 in Spellcasting
  4323 | D:5      | Reached skill level 4 in Evocations
  4323 | D:5      | Reached XP level 9. HP: 47/74 MP: 13/15
  5004 | D:5      | Reached skill level 8 in Fighting
  5004 | D:5      | Reached skill level 8 in Armour
  5004 | D:5      | Reached skill level 8 in Shields
  5206 | D:5      | Found a runed translucent door.
  5261 | D:5      | Found a runed translucent door.
  5261 | D:5      | Found a shadowy altar of Dithmenos.
  5300 | D:5      | Noticed Ijyb
  5319 | D:5      | Killed Ijyb
  5390 | D:5      | Reached skill level 5 in Invocations
  5585 | D:5      | Noticed 0gre's ghost (novice GnIE)
  5706 | D:6      | Noticed Blork the orc
  5722 | D:6      | Killed Blork the orc
  5934 | D:6      | Reached skill level 4 in Conjurations
  5934 | D:6      | Reached skill level 4 in Hexes
  5934 | D:6      | Reached skill level 4 in Summonings
  5934 | D:6      | Reached skill level 4 in Necromancy
  5934 | D:6      | Reached skill level 4 in Translocations
  5934 | D:6      | Reached skill level 4 in Transmutations
  5934 | D:6      | Reached skill level 4 in Fire Magic
  5934 | D:6      | Reached skill level 4 in Ice Magic
  5934 | D:6      | Reached skill level 4 in Air Magic
  5934 | D:6      | Reached skill level 4 in Earth Magic
  5934 | D:6      | Reached skill level 4 in Poison Magic
  5949 | D:6      | Found a staircase to the Ecumenical Temple.
  6088 | Temple   | Entered the Ecumenical Temple
  6127 | Temple   | Became a worshipper of Cheibriados the Contemplative
  6225 | D:6      | Reached skill level 5 in Short Blades
  6225 | D:6      | Reached skill level 5 in Long Blades
  6225 | D:6      | Reached skill level 5 in Axes
  6225 | D:6      | Reached skill level 5 in Maces & Flails
  6225 | D:6      | Reached skill level 5 in Staves
  6225 | D:6      | Reached skill level 5 in Ranged Weapons
  6225 | D:6      | Reached skill level 5 in Throwing
  6225 | D:6      | Reached skill level 5 in Dodging
  6225 | D:6      | Reached skill level 5 in Stealth
  6225 | D:6      | Reached skill level 5 in Unarmed Combat
  6225 | D:6      | Reached skill level 5 in Spellcasting
  6225 | D:6      | Reached skill level 5 in Evocations
  6225 | D:6      | Reached XP level 10. HP: 75/79 MP: 17/17
  6873 | D:7      | Reached skill level 7 in Polearms
  7104 | D:7      | Reached * piety under Cheibriados
  7936 | D:8      | Found a glowing golden altar of the Shining One.
  8014 | D:8      | Reached skill level 6 in Invocations
  8425 | D:8      | Reached ** piety under Cheibriados
  8929 | D:8      | Found a shimmering blue altar of Sif Muna.
  9093 | D:9      | Noticed an elephant
  9102 | D:8      | Killed an elephant
  9229 | D:9      | Noticed an elephant
  9239 | D:8      | Killed an elephant
  9299 | D:9      | Found a glowing silver altar of Zin.
  9300 | D:9      | Noticed an elephant
  9309 | D:9      | Noticed an elephant
  9310 | D:9      | Reached skill level 9 in Fighting
  9310 | D:9      | Reached skill level 6 in Short Blades
  9310 | D:9      | Reached skill level 6 in Long Blades
  9310 | D:9      | Reached skill level 6 in Axes
  9310 | D:9      | Reached skill level 6 in Maces & Flails
  9310 | D:9      | Reached skill level 6 in Staves
  9310 | D:9      | Reached skill level 6 in Ranged Weapons
  9310 | D:9      | Reached skill level 6 in Throwing
  9310 | D:9      | Reached skill level 9 in Armour
  9310 | D:9      | Reached skill level 6 in Dodging
  9310 | D:9      | Reached skill level 6 in Stealth
  9310 | D:9      | Reached skill level 9 in Shields
  9310 | D:9      | Reached skill level 6 in Unarmed Combat
  9310 | D:9      | Reached skill level 6 in Spellcasting
  9310 | D:9      | Reached skill level 6 in Evocations
  9324 | D:9      | Noticed a manticore
  9326 | D:9      | HP: 7/83 [elephant (5)]
  9327 | D:9      | Noticed a two-headed ogre
  9328 | D:9      | Killed an elephant
  9329 | D:9      | Reached skill level 5 in Conjurations
  9329 | D:9      | Reached skill level 5 in Hexes
  9329 | D:9      | Reached skill level 5 in Summonings
  9329 | D:9      | Reached skill level 5 in Necromancy
  9329 | D:9      | Reached skill level 5 in Translocations
  9329 | D:9      | Reached skill level 5 in Transmutations
  9329 | D:9      | Reached skill level 5 in Fire Magic
  9329 | D:9      | Reached skill level 5 in Ice Magic
  9329 | D:9      | Reached skill level 5 in Air Magic
  9329 | D:9      | Reached skill level 5 in Earth Magic
  9329 | D:9      | Reached skill level 5 in Poison Magic
  9329 | D:9      | Reached XP level 11. HP: 34/89 MP: 20/20
  9334 | D:9      | HP: 7/89 [two-headed ogre/+0 giant club (23)]
  9335 | D:9      | Slain by a two-headed ogre

Vanquished Creatures
  Pikel (D:5)
  3 elephants
  4 yaks (D:8)
  Grum (D:5)
  An acid dragon (D:8)
  2 orc warriors
  A sky beast (D:7)
  2 ice beasts
  2 ogres
  3 wolves (D:5)
  6 centaurs
  3 phantoms
  3 lemures (D:5)
  Blork the orc (D:6)
  4 necrophages
  A bullfrog (D:7)
  5 gnoll sergeants (D:5)
  4 scorpions
  12 wights
  2 killer bees (D:9)
  A jelly (D:5)
  A howler monkey (D:9)
  A crimson imp (D:3)
  5 orc priests
  5 hounds
  2 gnoll boudas
  Ijyb (D:5)
  2 iguanas
  10 orc wizards
  30 gnolls
  7 adders
  A shadow imp (D:7)
  A white imp (D:6)
  2 ufetubi
  2 worms
  A dart slug (D:4)
  26 orcs
  7 ball pythons
  6 endoplasms
  5 giant cockroaches
  4 goblins
  6 hobgoblins
  11 jackals
  3 kobolds
  2 quokkas
  A bat (D:2)
  2 frilled lizards
  7 rats
213 creatures vanquished.

Vanquished Creatures (others)
  A goblin (D:3)
  52 plants (D:9)
53 creatures vanquished.

Grand Total: 266 creatures vanquished

Table legend: (Time is in decaauts)
 A = Elapsed time spent in this place.
 B = Non-inter-level travel time spent in this place.
 C = Inter-level travel time spent in this place.
 D = Time resting spent in this place.
 E = Time spent auto-exploring this place.
 F = Levels seen in this place.
 G = Mean time per level.
                   A        B        C        D        E       F      G
               +--------+--------+--------+--------+--------+-----+--------+
         Total |  10024 |   9486 |    538 |   1749 |   6162 |  10 | 1002.4 |
       Dungeon |   9970 |   9445 |    525 |   1749 |   6134 |   9 | 1107.8 |
        Temple |     53 |     41 |     12 |      0 |     28 |   1 |   53.0 |
               +--------+--------+--------+--------+--------+-----+--------+

Top non-repeatable levels by time:
     D:5: 1987 daAuts
     D:8: 1709 daAuts
     D:7: 1241 daAuts
     D:6: 1231 daAuts
     D:3: 1115 daAuts
     D:4: 1047 daAuts
     D:1: 797 daAuts
     D:2: 710 daAuts
     D:9: 130 daAuts
  Temple: 53 daAuts

Table legend:
 A = Non-vault XP
 B = Vault XP
 C = Vault XP percentage of total XP
 D = Non-vault monster count
 E = Vault monster count
 F = Vault count percentage of total count
                 A         B        C        D         E       F
            +---------+---------+-------+---------+---------+-------
      Total |    5250 |    4403 |  45.6 |     148 |      62 |  29.5
            +---------+---------+-------+---------+---------+-------
        D:1 |      11 |       0 |   0.0 |       7 |       0 |   0.0
        D:2 |      41 |      12 |  22.6 |      16 |       6 |  27.3
        D:3 |     217 |      50 |  18.7 |      29 |       1 |   3.3
        D:4 |     480 |       0 |   0.0 |      17 |       0 |   0.0
        D:5 |     661 |    2296 |  77.6 |      18 |      41 |  69.5
        D:6 |    1070 |     100 |   8.5 |      17 |       1 |   5.6
        D:7 |     958 |     184 |  16.1 |      21 |       6 |  22.2
        D:8 |    1496 |     966 |  39.2 |      17 |       3 |  15.0
        D:9 |     316 |     795 |  71.6 |       6 |       4 |  40.0
            +---------+---------+-------+---------+---------+-------
